 Dungeon Crawl Stone Soup version 0.29.1-1-gd02db6906a (webtiles) character file.

Game seed: 15579753309509755726

27946 MisterFreud the Cruncher (level 13, -1/103 HPs)
             Began as a Formicid Gladiator on Sept 22, 2022.
             Was an Initiate of Yredelemnul.
             Killed from afar by a fire dragon (23 damage)
             ... with a blast of flame
             ... on level 3 of the Lair of Beasts.
             The game lasted 00:25:19 (14318 turns).

MisterFreud the Cruncher (Formicid Gladiator)      Turns: 14318, Time: 00:25:19

Health: -1/103     AC: 14    Str: 25    XL:     13   Next: 69%
Magic:  20/20      EV: 12    Int:  7    God:    Yredelemnul [......]
Gold:   845        SH:  0    Dex: 15    Spells: 12/12 levels left

rFire   + . .      SeeInvis +   a - +0 quarterstaff (vamp)
rCold   x . .      Faith    .   (no shield)
rNeg    . . .      Spirit   .   s - +3 ring mail
rPois   .          Reflect  .   (helmet unavailable)
rElec   .          Harm     .   (no cloak)
rCorr   .          Rampage  .   (no gloves)
Will    +....                   (no boots)
Stlth   +.........              q - amulet of Vitality {RegenMP++ Regen++}
HPRegen 1.87/turn               I - +4 ring of protection
MPRegen 0.97/turn               A - ring of fire

@: no status effects
A: permanent stasis, dig shafts and tunnels, antennae 3, four strong arms
a: Dig, Shaft Self, Renounce Religion, Recall Undead Harvest


You were on level 3 of the Lair of Beasts.
You worshipped Yredelemnul.
Yredelemnul was aware of your devotion.
You visited 3 branches of the dungeon, and saw 16 of its levels.
You also visited: Ossuary and Ice Cave.

You collected 845 gold pieces.

Inventory:

Hand Weapons
 a - a +0 vampiric quarterstaff (weapon)
Missiles
 c - 6 throwing nets
 d - a javelin
 f - 16 poisoned darts (quivered)
 g - 12 boomerangs
 y - 9 curare-tipped darts
 E - a boomerang of dispersal
 G - 5 atropa-tipped darts
Armour
 b - a +1 leather armour
 s - a +3 ring mail (worn)
Jewellery
 i - a ring of flight
 j - a +4 ring of protection
 l - a ring of willpower
 q - the amulet of Vitality (around neck) {RegenMP++ Regen++}
   (You found it on level 5 of the Dungeon)

   [amulet of magic regeneration]

   It increases your rate of magic regeneration.
   Regen:     It increases your rate of health regeneration.
 A - a ring of fire (right hand)
 C - an amulet of guardian spirit
 I - a +4 ring of protection (left hand)
Wands
 k - a wand of roots (16)
 t - a wand of polymorph (13)
 z - a wand of flame (32)
 H - a wand of charming (12)
 J - a wand of quicksilver (9)
 Q - a wand of mindburst (6)
Scrolls
 v - a scroll of fear
 B - 2 scrolls of poison
 K - 3 scrolls of amnesia
 N - a scroll of vulnerability
 O - 3 scrolls of immolation
 P - a scroll of fog {unknown}
Potions
 e - 2 potions of attraction
 h - 9 potions of curing
 m - a potion of heal wounds
 n - a potion of magic {unknown}
 o - a potion of resistance {unknown}
 p - 2 potions of flight {unknown}
 r - 2 potions of mutation
 u - a potion of invisibility
 w - 2 potions of brilliance
 D - 4 potions of lignification
 F - 3 potions of berserk rage
 M - 2 potions of haste {unknown}
Miscellaneous
 x - a piece from Xom's chessboard (15/15)
 L - a box of beasts


   Skills:
 - Level 10.0 Fighting
 + Level 14.2 Staves
 - Level 2.0 Throwing
 - Level 10.0 Armour
 - Level 2.6 Dodging
 - Level 10.0 Invocations
 - Level 10.0 Evocations


You had 12 spell levels left.
You didn't know any spells.
Your spell library contained the following spells:

 Spells                   Type           Power      Damage    Failure   Level
 Apportation              Tloc           0%         N/A       54%         1
 Shock                    Conj/Air       0%         1d3       54%         1
 Slow                     Hex            0%         N/A       54%         1
 Confusing Touch          Hex            0%         N/A       89%         3
 Portal Projectile        Hex/Tloc       0%         N/A       89%         3
 Tukima's Dance           Hex            0%         N/A       89%         3
 Vampiric Draining        Necr           0%         2d6       89%         3
 Airstrike                Air            0%         2d(0-16)  100%        4
 Summon Lightning Spire   Summ/Air       0%         N/A       100%        4
 Alistair's Intoxication  Tmut/Pois      0%         N/A       100%        5
 Blade Hands              Tmut           0%         N/A       100%        5
 Dispersal                Tloc           0%         N/A       100%        6
 Storm Form               Tmut/Air       0%         N/A       100%        7
 Disjunction              Tloc           0%         N/A       100%        8
 Maxwell's Capacitive Co  Air            0%         ∞         100%        8
 Swiftness                Air            Unusable   N/A       N/A         3

Dungeon Overview and Level Annotations

Branches:
Dungeon (12/15)            Temple (1/1) D:4            Lair (3/5) D:11
    Orc (0/2) D:11        Ossuary (visited)           IceCv (visited)
  Swamp: Lair:2-3    Shoals: Lair:2-3     Snake: Lair:2-3    Spider: Lair:2-3

Altars:
Ashenzari
Cheibriados
Hepliaklqana
Nemelex Xobeh
Qazlal
Ru
Sif Muna
Vehumet
Wu Jian
Xom
Yredelemnul
The Shining One

Shops:
D:2 (   D:5 ([   D:8 [

Annotations:
D:8 exclusion: statue
D:9 4 transporters


Innate Abilities, Weirdness & Mutations

You cannot be hasted, slowed, berserked, paralysed or teleported.
You can dig through walls and to a lower floor.
You have a pair of large antennae on your head. (SInv)
Your four strong arms can wield two-handed weapons with a shield.


Message History

The fire dragon claws you but does no damage.
The fire dragon barely misses you.
You hit the fire dragon.
You feel better.
The fire dragon is lightly wounded.
You hit the fire dragon but do no damage.
The fire dragon is lightly wounded.
The fire dragon breathes flames at you. The blast of flame hits you!
You resist.
You barely miss the fire dragon.
The fire dragon is lightly wounded.
You thump the fire dragon!
You feel better.
The fire dragon is moderately wounded.
The fire dragon closely misses you. The fire dragon misses you.
The fire dragon tramples you but does no damage.
You sock the fire dragon!
You feel better.
The fire dragon is moderately wounded.
The fire dragon bites you but does no damage.
The fire dragon claws you.
The fire dragon tramples you but does no damage.
You hit the fire dragon but do no damage.
The fire dragon is moderately wounded.
You barely miss the fire dragon.
The fire dragon is moderately wounded.
The fire dragon breathes flames at you. The blast of flame hits you!!
You resist.
* * * LOW HITPOINT WARNING * * *
You sock the fire dragon!
The fire dragon is heavily wounded.
You sock the fire dragon!
The fire dragon is heavily wounded.
The fire dragon bites you!
* * * LOW HITPOINT WARNING * * *
The fire dragon claws you but does no damage.
The fire dragon misses you.
You hit the fire dragon but do no damage.
The fire dragon is heavily wounded.
The fire dragon breathes flames at you. The blast of flame hits you!!
You resist.
You die...
Your body rises from the dead as a mindless zombie.

########## ###..≈≈≈≈...
##....§≈§....
###)....§≈§≈..$
#####........"≈§≈≈$
######..@D.........≈≈≈≈≈
#......#####........≈≈≈≈
##.###### ##.......§§≈#
#..# ####...≈§≈§# ...
#.## ######### .....
#.#### # #... #....# #
#.. ####.#
#..#####.#######


You could see a fire dragon (catching breath).

Vanquished Creatures
  A hydra (D:12)
  A centaur warrior (D:12)
  A two-headed ogre (D:11)
  Nergalle (D:12)
  Amaemon (Lair:1)
  Sonja (Lair:3)
  Pikel (D:9)
  2 cyclopes
  A black mamba (Lair:2)
  2 cane toads
  Joseph (D:7)
  Psyche (D:12)
  5 komodo dragons
  2 trolls
  A hornet (D:9)
  8 blink frogs
  5 shadows (D:11)
  18 yaks
  3 wraiths (D:12)
  A steam dragon (D:9)
  A basilisk (Lair:2)
  A vampire mosquito (D:11)
  Edmund (D:4)
  2 nagas (Lair:3)
  3 acid dragons
  5 water moccasins
  Duvessa (D:6)
  4 orc warriors
  3 sky beasts
  5 black bears
  2 ice beasts
  An ogre (D:7)
  4 centaurs
  6 wolves
  A phantom (D:6)
  2 elf zombies (Ossuary)
  3 kobold brigands
  9 bullfrogs
  5 scorpions
  A necrophage (D:6)
  A gnoll sergeant (D:10)
  5 wights (D:8)
  Dowan (D:6)
  An elephant simulacrum (IceCv)
  8 killer bees
  An electric eel (Lair:1)
  A human zombie (Ossuary)
  A centaur zombie (Ossuary)
  2 gnoll boudas
  A hound (D:5)
  4 orc priests
  2 jellies
  2 iguanas (D:5)
  3 orc wizards
  A polar bear simulacrum (IceCv)
  3 wolf simulacra (IceCv)
  4 ogre zombies (D:11)
  2 mummies (Ossuary)
  16 gnolls
  5 adders
  A white imp (D:8)
  2 adder zombies (Ossuary)
  A worm (D:2)
  3 dart slugs
  23 orcs
  8 ball pythons
  7 endoplasms
  5 goblins
  7 hobgoblins
  7 kobolds
  2 quokkas
  4 bats
  A frilled lizard (D:2)
  10 hobgoblin zombies (Ossuary)
  5 jackal zombies (Ossuary)
  10 kobold zombies (Ossuary)
  2 orc skeletons (D:11)
  9 orc zombies
  A quokka zombie (D:6)
  4 rats
  3 rat zombies
296 creatures vanquished.

Vanquished Creatures (collateral kills)
  Jorgrun (D:12)
  A hydra (D:11)
  A two-headed ogre (D:9)
  An orange demon (Lair:1)
  A cane toad (Lair:2)
  5 blink frogs
  Prince Ribbit (Lair:1)
  2 wraiths (D:11)
  A wyvern (D:8)
  7 yaks
  A basilisk (Lair:1)
  A steam dragon (D:8)
  Grum (D:9)
  A vampire mosquito (D:11)
  3 nagas (Lair:3)
  A water moccasin (D:11)
  2 black bears
  5 wolves
  3 centaurs
  6 bullfrogs
  A gnoll sergeant (D:9)
  A killer bee (D:8)
  A howler monkey (D:11)
  A wolf zombie (D:9)
  2 orc priests
  An orc wizard (D:10)
  4 ogre zombies (D:11)
  A gnoll (D:7)
  7 orcs
  2 goblin skeletons (D:11)
  4 goblin zombies (D:11)
  A hobgoblin skeleton (D:11)
  7 kobolds
  2 orc skeletons (D:11)
  9 orc zombies (D:11)
  2 butterflies (D:8)
91 creatures vanquished.

Vanquished Creatures (others)
  A spectral kobold (Lair:3)
  2 blink frog zombies (Lair:3)
  A vampire mosquito zombie (D:11)
  2 komodo dragon zombies
  A water moccasin zombie (D:9)
  A yak zombie (D:9)
  2 troll zombies
  A human zombie (D:12)
  2 wolf zombies (Lair:3)
  2 bullfrog zombies
  A centaur zombie (D:8)
  A black bear zombie (Lair:1)
  A scorpion zombie (D:6)
  A killer bee zombie (D:10)
  An ice beast zombie (D:8)
  A jelly zombie (D:8)
  10 orc zombies
  3 gnoll zombies (D:6)
  2 kobold zombies
  34 fungi
  50 plants
120 creatures vanquished.

Grand Total: 507 creatures vanquished

Notes
Turn   | Place    | Note
-------+----------+-------------------------------------------
     0 | D:1      | MisterFreud the Formicid Gladiator began the quest for the
                  | Orb.
     0 | D:1      | Reached XP level 1. HP: 16/16 MP: 1/1
   287 | D:1      | Found a faded altar of an unknown god.
   290 | D:1      | Reached XP level 2. HP: 22/22 MP: 2/2
   748 | D:1      | Reached skill level 4 in Staves
   748 | D:1      | Reached XP level 3. HP: 23/27 MP: 3/3
  1222 | D:2      | HP: 1/27 [poisoned by an adder]
  1928 | D:2      | Reached XP level 4. HP: 23/28 MP: 4/4
  2043 | D:2      | Found Nejotyin's Antique Weapon Boutique.
  2563 | D:3      | Found a snail-covered altar of Cheibriados.
  2563 | D:3      | Found a sparkling altar of Nemelex Xobeh.
  2661 | D:3      | Found a glowing golden altar of the Shining One.
  3145 | D:4      | Noticed a scorpion
  3152 | D:4      | Killed a scorpion
  3153 | D:4      | Reached skill level 5 in Staves
  3153 | D:4      | Reached XP level 5. HP: 34/38 MP: 5/5
  3263 | D:4      | Reached skill level 6 in Staves
  3263 | D:4      | Reached XP level 6. HP: 32/44 MP: 6/6
  3637 | D:4      | Found a staircase to the Ecumenical Temple.
  3822 | Temple   | Entered the Ecumenical Temple
  3863 | Temple   | Became a worshipper of Yredelemnul the Dark
  3899 | D:4      | Noticed Edmund
  3920 | D:4      | Killed Edmund
  3921 | D:4      | Reached skill level 7 in Staves
  4203 | D:4      | Reached XP level 7. HP: 48/50 MP: 7/7
  4208 | D:4      | Reached * piety under Yredelemnul
  4500 | D:5      | Entered Level 5 of the Dungeon
  4506 | D:5      | Found the amulet of Vitality {RegenMP++ Regen++}
  5454 | D:5      | Found Tiytusol's Weapon Shop.
  5455 | D:5      | Found Qiogeim's Antique Armour Shop.
  5627 | D:6      | Reached skill level 8 in Staves
  5627 | D:6      | Reached skill level 1 in Armour
  5678 | D:5      | Reached XP level 8. HP: 27/56 MP: 8/8
  5824 | D:6      | Reached skill level 5 in Armour
  5872 | D:6      | Noticed Duvessa
  5872 | D:6      | Noticed Dowan
  5897 | D:6      | Killed Duvessa
  5928 | D:6      | Killed Dowan
  5948 | D:6      | Found a sand-covered staircase.
  5957 | Ossuary  | Entered an ossuary
  6232 | Ossuary  | Reached skill level 5 in Fighting
  6367 | D:6      | Reached XP level 9. HP: 68/68 MP: 9/9
  6493 | D:6      | HP: 3/69 [yak (12)]
  6497 | D:6      | You fall into a shaft and drop 3 floors!
  6574 | D:9      | Reached skill level 9 in Staves
  6579 | D:9      | Reached skill level 5 in Invocations
  6700 | D:8      | Reached ** piety under Yredelemnul
  6704 | D:8      | Reached XP level 10. HP: 48/76 MP: 14/14
  6718 | D:8      | Found Isueg's Specialty Armours.
  6721 | D:8      | Found a shimmering altar of Xom.
  6764 | D:8      | Found a shimmering blue altar of Sif Muna.
  6766 | D:8      | Found a sacrificial altar of Ru.
  6831 | D:8      | Found a radiant altar of Vehumet.
  6919 | D:8      | Reached skill level 10 in Staves
  7014 | D:8      | Reached *** piety under Yredelemnul
  7096 | D:7      | Noticed Joseph
  7108 | D:7      | Killed Joseph
  7238 | D:7      | Reached skill level 10 in Invocations
  7935 | D:8      | Found a hazy altar of Hepliaklqana.
  7937 | D:8      | Found an ornate altar of the Wu Jian Council.
  8077 | D:8      | Found a broken altar of Ashenzari.
  8387 | D:9      | Noticed Pikel
  8411 | D:9      | Killed Pikel
  8412 | D:9      | Reached XP level 11. HP: 63/86 MP: 18/18
  8527 | D:9      | Your ally Pikel died
  8669 | D:9      | Found a transporter.
  8675 | D:9      | Reached skill level 10 in Fighting
  8675 | D:9      | Found a transporter.
  8678 | D:9      | Found a transporter.
  8702 | D:9      | Noticed Grum
  8722 | D:9      | Reached skill level 1 in Evocations
  8795 | D:9      | Killed Grum
  8935 | D:9      | Found a transporter.
  9047 | D:9      | Noticed a two-headed ogre
  9063 | D:9      | Killed a two-headed ogre
  9064 | D:9      | Reached skill level 5 in Evocations
  9447 | D:10     | Entered Level 10 of the Dungeon
 10198 | D:11     | Found a staircase to the Lair.
 10280 | D:11     | Noticed a cyclops
 10291 | D:11     | Killed a cyclops
 10375 | D:11     | Reached XP level 12. HP: 82/97 MP: 19/19
 10395 | D:11     | Noticed a two-headed ogre
 10403 | D:11     | Killed a two-headed ogre
 10486 | D:11     | Noticed a four-headed hydra
 10494 | D:11     | Killed a four-headed hydra
 10495 | D:11     | Reached **** piety under Yredelemnul
 10495 | D:11     | Reached skill level 10 in Evocations
 10594 | D:11     | Found a staircase to the Orcish Mines.
 11058 | D:12     | Noticed a six-headed hydra
 11070 | D:12     | Killed a six-headed hydra
 11095 | D:12     | Noticed Psyche
 11137 | D:12     | Killed Psyche
 11481 | D:12     | Noticed Nergalle
 11500 | D:12     | Killed Nergalle
 11522 | D:12     | Your ally Psyche died
 11564 | D:12     | Reached skill level 10 in Armour
 11735 | D:12     | Noticed Jorgrun
 11762 | D:12     | HP: 4/97 [Jorgrun/+0 vorpal quarterstaff (2)]
 11764 | D:12     | Killed Jorgrun
 11843 | D:12     | Noticed a centaur warrior
 11855 | D:12     | Killed a centaur warrior
 11856 | D:12     | Reached skill level 11 in Staves
 11939 | D:12     | Reached XP level 13. HP: 101/103 MP: 20/20
 12204 | Lair:1   | Entered Level 1 of the Lair of Beasts
 12294 | Lair:1   | Noticed Amaemon
 12326 | Lair:1   | Killed Amaemon
 12415 | Lair:1   | Reached skill level 12 in Staves
 12838 | Lair:1   | Reached ***** piety under Yredelemnul
 12935 | Lair:1   | Noticed Prince Ribbit
 12944 | Lair:1   | Killed Prince Ribbit
 12956 | Lair:1   | Reached ****** piety under Yredelemnul
 12959 | Lair:1   | Reached skill level 13 in Staves
 13274 | Lair:2   | Found a frozen archway.
 13283 | IceCv    | Entered an ice cave
 14120 | Lair:3   | Noticed Sonja
 14140 | Lair:3   | Killed Sonja
 14141 | Lair:3   | Reached skill level 14 in Staves
 14172 | Lair:3   | Your ally Sonja died
 14281 | Lair:3   | Noticed a fire dragon
 14318 | Lair:3   | Killed from afar by a fire dragon

Illustrated notes

Levels and vault maps discovered:
D:1:      erik_arrival_cave_to_civilisation [erik_arrival_cave_to_hall],
          layout_basic, shapermc_ecumenical_altar_notcrosses
D:2:      layout_basic, serial_shops, shop
D:3:      layout_loops_ring, tso_altar, gammafunk_temple_overflow_statue
D:4:      layout_basic, minmay_temple_entry_mist, kennysheep_small_circle,
          uniq_edmund
D:5:      layout_layer_cave, serial_shops, shop, nicolae_wooded_promenade
D:6:      layout_cave_pools, enter_ossuary_4, uniq_duvessa
D:7:      layout_loops_cross, uniq_joseph
D:8:      minmay_recursive_quarters, layout_loops_ring, vehumet_statue,
          nicolae_ashenzari_panopticon, nicolae_overflow_hidden_temple,
          xom_butterflies, nicolae_barding_shop
D:9:      layout_long_grid, minivault_24, nicolae_benzene_ring,
          kennysheep_flooded_box, abandoned_shop, nicolae_diode_quadrants,
          uniq_pikel, uniq_grum
D:10:     layout_long_grid
D:11:     layout_stronghold, due_lair_maze_entry_diamond, zombieorc2_lemuel
D:12:     layout_stronghold, uniq_nergalle, uniq_jorgrun, uniq_psyche
Temple:   nicolae_temple_slightly_damp_pantheon
Lair:1:   hellmonk_ruined_rings, layout_cellular_growth, beast_lair_carwin_3,
          serial_bayou_shore_a, uniq_prince_ribbit2, uniq_amaemon
Lair:2:   layout_regular_city, portal_ice_cave_entry_pillars_1, minivault_26,
          chequers_serial_rivers_small_3, st_stairs_10,
          chequers_serial_rivers_small_a
Lair:3:   dragon1_lemuel, layout_chaotic_city, minmay_shoals_entry_beasts,
          minmay_snake_entry_guardpost_medium, grunt_megastairs_1, uniq_sonja

Skill      XL: |  1  2  3  4  5  6  7  8  9 10 11 12 13 |
---------------+----------------------------------------+-----
Staves         | 4 5 6 7 8 9 10 11 14 | 14.2
Armour         | 4 6 10 | 10.0
Fighting       | 5 6 8 10 | 10.0
Invocations    | 6 10 | 10.0
Evocations     | 8 10 | 10.0
Throwing       | |  2.0
Dodging        | |  2.6

Action                   |  1- 3 |  4- 6 |  7- 9 | 10-12 | 13-15 || total
-------------------------+-------+-------+-------+-------+-------++-------
Melee: Quarterstaff      |    73 |   108 |   388 |   841 |   316 ||  1726
       Punch             |       |       |     8 |    12 |     6 ||    26
Throw: Dart              |       |       |     2 |       |       ||     2
Invok: Dark Bargain      |       |       |       |     2 |       ||     2
       Recall Undead Har |       |       |       |       |     1 ||     1
 Abil: Dig               |     4 |       |       |     4 |     1 ||     9
       Shaft Self        |       |       |     1 |       |       ||     1
Evoke: Wand              |       |       |       |       |     1 ||     1
  Use: Scroll            |     5 |     4 |     4 |     6 |     4 ||    23
       Potion            |       |       |     2 |     3 |     2 ||     7
 Stab: Sleeping          |     2 |     1 |       |       |       ||     3
       Distracted        |       |       |     2 |    12 |     3 ||    17
       Invisible         |       |       |       |     1 |       ||     1
Armor: Leather armour    |    14 |    34 |    11 |       |       ||    59
       Ring mail         |       |       |   140 |   349 |   149 ||   638
Dodge: Dodged            |    37 |    60 |   212 |   459 |   171 ||   939
